m, chaotic male elven Priest --- ---- |... --..| ---- ---...| ---...-- --@.| |....- |......| |.(.--- ---.--.--- |......| |.g...| --- |...||...|--- ---..--.-- --....--- --.----.------.--^---- --.......| |.| --.....| |......... |.).....| --..).---.--- |.| |...%?.|. --...-.---. ---...).| |..).-- |...| |.| -.....|.| |......| --..--|---.---- ---.---.| -......| --....-- --...||...| -----|.....| ......----.... ---)--.--- --.|.---....| ............. ---..[..| |.....|...|.| ........... --....)..-- |..^....--|.| ......... |...---.%>| --......| -.| ....... -..-- --).| |.......- .| ..... ..-- ---- ........ ... . ..---. m the Adept Experience level: 7 Strength: 15 Dexterity: 9 Constitution: 15 Intelligence: 11 Wisdom: 20 Charisma: 8 Health: 0(39) Energy: 68(107) Def: 13 Gold: 1424 Moves: 4322 Dungeon seed: TgRRRkj2NURDck_2 Game ID: m_1579247378 Your Inventory: Coins $ - 1424 gold pieces Weapons a - a blessed +1 mace (weapon in hand) D - a blessed +1 dart E - 7 uncursed +0 darts K - 3 uncursed +0 thirsty daggers of frost (in quiver) Armor e - an uncursed +0 robe (being worn) n - an uncursed +0 small shield (being worn) q - an uncursed +0 dwarvish mithril-coat r - a blessed +6 orcish helm (being worn) O - an uncursed +0 pair of gauntlets of dexterity (being worn) R - an uncursed +0 pair of iron shoes (being worn) Comestibles c - 2 uncursed cloves of garlic d - an uncursed sprig of wolfsbane k - 4 uncursed food rations s - an uncursed male lizard corpse G - 2 uncursed lembas wafers Scrolls B - an uncursed scroll of enchant armor C - an uncursed scroll of fire L - an uncursed scroll of teleportation V - an uncursed scroll of light Potions j - a blessed potion of acid A - a blessed potion of gain ability I - an uncursed potion of gain energy P - an uncursed potion of healing S - an uncursed potion of fruit juice U - a blessed potion of sleeping Z - a blessed potion of invisibility Rings u - an uncursed ring of stealth (on left hand) w - an uncursed ring of cold immunity (on right hand) Tools f - an uncursed skeleton key i - an uncursed wooden harp o - an uncursed magic lamp (lit) J - an uncursed expensive camera (0:30) M - an uncursed stethoscope Gems z - an uncursed luckstone Spells and supernatural/magical abilities: Name Level Category Cost Memory k - knock 1 matter 5pw 95% m - magic missile 2 attack 14pw 98% p - protection 1 clerical 5pw 97% v - clairvoyance 3 divination 40pw 95% K - cure sickness 3 healing 34pw 95% W - pray for help -- divine ? -- X - turn undead -- divine ? -- Your skills at the end: Fighting Skills wands [Basic] Weapon Skills mace [Skilled] Spellcasting Skills clerical spells [Basic] Final Attributes: You had transgressed. You were immune to cold. You were immune to sleep. You saw invisible. You had infravision. You were stealthy. You were lucky. You had extra luck. Bad luck did not time out for you. Good luck did not time out for you. Mars was noncommittal. You are dead. Vanquished creatures: a ghost a quantum mechanic a giant spider a gnome king a yeti 2 lizards a dingo a gnome mummy a bugbear a wood nymph a water nymph 3 rock moles a shrieker 4 gnome lords 2 gnomish wizards a guardian naga hatchling a barrow wight a straw golem 2 paper golems a little dog 11 dwarves 4 rothes a monkey 2 werejackals 2 iguanas 3 coyotes a gas spore a hobgoblin 3 giant rats 7 cave spiders a brown mold a yellow mold a green mold 2 red molds 27 gnomes 5 geckos 6 jackals 2 kobolds 6 goblins 10 lichens 3 newts 127 creatures vanquished. Voluntary challenges: You were an atheist. You used a wielded weapon 132 times, starting on turn 182. You read items or engraved 62 times, starting on turn 657. You never genocided any monsters. You never polymorphed an object. You never changed form. You used no wishes. You never split a pudding. You wrote Elbereth's name 31 times, starting on turn 2033. You violated your moral code, losing 107 points of alignment, starting on turn 3534. Dungeon overview: The Dungeons of Doom: levels 1 to 5 Level 1 a long staircase Level 2 (vault) a bookstore, a vault Level 3 a fountain Level 4 an altar to Venus, some fountains, a sink, a vault stairs to The Gnomish Mines Level 5 (vault2) a vault The Gnomish Mines: levels 5 to 10 Level 5 stairs to The Dungeons of Doom Level 6 Level 7 Level 9 <- You were here Level 10 History has recorded: On T:1 you entered the Dungeons of Doom to retrieve the Amulet of Yendor! On T:302 you reached level 2 of The Dungeons of Doom. On T:427 you reached level 3 of The Dungeons of Doom. On T:603 you advanced to experience level 2. On T:1004 you advanced to experience level 3. On T:1574 you reached level 4 of The Dungeons of Doom. On T:1612 you reached level 5 of The Dungeons of Doom. On T:1949 you reached level 1 of The Gnomish Mines. On T:2185 you advanced to experience level 4. On T:2634 you reached level 2 of The Gnomish Mines. On T:2747 you reached level 3 of The Gnomish Mines. On T:3174 you reached level 6 of The Gnomish Mines. On T:3257 you advanced to experience level 5. On T:3666 you advanced to experience level 6. On T:3798 you reached level 5 of The Gnomish Mines. On T:3986 you advanced to experience level 7. Score breakdown: Gold: 1424 (10728 points) Experience: 7 levels (13645 points) Exploration: 10 levels ( 20.00%) (12857 points) Discoveries: 7 items ( 2.41%) ( 4660 points) Valuables value: (no points given unless you survive) Artifact value: 0 ( 0 points) Variety of kills: 41 monsters ( 10.79%) ( 9854 points) Turncount: 4322 turns (-1139 points) Survival: died (score multiplied by 80%) Total score: 40484 Latest messages: The engraving beneath you fades. The magic missile hits the yeti! The yeti is killed by the magic missile! The magic missile hits the gnomish wizard! The gnomish wizard casts a spell! The force bolt misses you. The golden haze around the gnomish wizard becomes less dense. You write in the dust with your fingers. The gargoyle misses. (2x) The gargoyle bites! The gargoyle hits! (2x) The gargoyle just misses! Something is written here in the dust. You read: "Elbe0eth". You see no objects here. You write in the dust with your fingers. The gargoyle turns to flee! You feel like a hypocrite. The engraving beneath you fades. The magic missile hits the gargoyle! The magic missile bounces! The magic missile whizzes by the gargoyle! The magic missile hits you! You die... Final status: Goodbye m the Priest, killed by a magic missile... You died in The Gnomish Mines on dungeon level 9 with 40484 points, and 1424 pieces of gold, after 4322 moves. You were level 7 with a maximum of 39 hit points when you died.